 Dungeon Sprint DCSS version 0.22.1-1-ga44c0e56f4 (webtiles) character file.

537 MuseOD the Covert (level 7, -1/39 HPs)
             Began as a Spriggan Enchanter on Sept 23, 2018.
             Slain by Menkaure (7 damage)
             ... in the Dungeon (Sprint II: "The Violet Keep of Menkaure").
             The game lasted 00:01:38 (146 turns).

MuseOD the Covert (Spriggan Enchanter)               Turns: 146, Time: 00:01:38

Health: -1/39      AC:  2    Str:  4    XL:     7   Next: 5%
Magic:  14/14      EV: 18    Int: 19    God:
Gold:   361        SH:  0    Dex: 16    Spells: 14/15 levels left

rFire    . . .     SeeInvis +   a - +1 dagger
rCold    . . .     Gourm    .   (shield restricted)
rNeg     . . .     Faith    .   b - +0 robe
rPois    .         Spirit   .   (helmet restricted)
rElec    .         Reflect  .   (no cloak)
rCorr    .         Harm     .   (gloves unavailable)
MR       +....     NoTele   +   (boots unavailable)
Stlth    +++++.....             (no amulet)
HPRegen  0.13/turn              (no ring)
MPRegen  0.14/turn              (no ring)

@: very quick
A: very small, unfitting armour, hooves 1, see invisible, herbivore, speed 3,
slow metabolism 2, no potion heal 1
a: no special abilities


You were in the Dungeon.
You were not hungry.

You visited 1 branch You collected 486 gold pieces.
You spent 125 gold pieces at shops.

Inventory:

Hand Weapons
 a - a +1 dagger (weapon)
Armour
 b - a +0 robe (worn)
 c - the +1 robe of Sorcery {rPois, unknown}
   (You bought it in a shop in the Dungeon)

   It protects you from poison.
Scrolls
 j - a scroll of blinking
Potions
 e - a potion of curing
 h - 2 potions of magic
Comestibles
 d - a ration


   Skills:
 - Level 5.8 Fighting
 - Level 10.9 Short Blades
 - Level 3.0 Dodging
 + Level 12.4 Stealth
 + Level 4.5 Spellcasting
 + Level 5.1 Hexes


You had 14 spell levels left.
You knew the following spells:

 Your Spells              Type           Power        Failure   Level  Hunger
a - Corona                Hex            ###....      1%          1    None

Your spell library contained the following spells:

 Spells                   Type           Power        Failure   Level  Hunger
 Confuse                  Hex            ###.....     4%          3    ###....
 Tukima's Dance           Hex            ###.....     4%          3    ###....
 Ensorcelled Hibernation  Hex/Ice        ##....       7%          2    #......
 Dazzling Spray           Conj/Hex       ##....       14%         3    ###....


Dungeon Overview and Level Annotations

Branches:
Dungeon (1/1)

Altars:

Shops:
D !:}!=?[[:[*%(*=(

Annotations:
D exclusion: oklob plant, Menkaure


Innate Abilities, Weirdness & Mutations

You are very small and have problems with some larger weapons.
You are too small for most types of armour.
You have supernaturally acute eyesight. (SInv)
You are a herbivore.
You cover ground extremely quickly.
You need to consume almost no food.
You have large cloven feet.
Potions are less effective at restoring your health.


Message History

Menkaure is lightly damaged.
Menkaure gestures at you while chanting.
You resist with significant effort.
You barely miss Menkaure. You kick Menkaure, but do no damage.
Menkaure is lightly damaged.
Menkaure barely misses you.
You hit Menkaure.
Menkaure is lightly damaged.
You barely miss Menkaure. You kick Menkaure.
Menkaure is lightly damaged.
Menkaure calls on the powers of darkness!
Your body is wracked with pain!
* * * LOW HITPOINT WARNING * * *
You hit Menkaure. You kick Menkaure, but do no damage.
Menkaure is moderately damaged.
You hit Menkaure but do no damage. You kick Menkaure, but do no damage.
Menkaure is moderately damaged.
Menkaure whispers drily.
Menkaure hits you!
You die...

############≈≈#+++
###########≈≈≈...
##.∩.∩....#≈≈≈≈.#
##..∩.∩...#≈≈≈≈#
##...∩.∩..#≈≈≈≈#
##....∩.⌠.#≈≈### ###
##...∩.∩..#≈##.###+###.#
##..∩.∩...#≈#.†.##.##.#.
##.∩.∩.@M.'≈+##.'.<.'.##
##∩.∩.....#≈#w####.##..#
#▓▓▓▓▓▓▓###≈##.# #+###.#
##)hG######≈≈### ###
#$$h#h. ##≈≈≈ #∩P[+.$#+
+#≈ #%(.#?##z# ≈≈
#$.$###z§. ≈≈ ##+###..§.


You could see a great orb of eyes, an oklob plant, 2 polar bears and Menkaure.

Vanquished Creatures
  4 neqoxecs (D)
  2 worms (D)
6 creatures vanquished.

Vanquished Creatures (others)
  A crocodile (D)
1 creature vanquished.

Grand Total: 7 creatures vanquished

Notes
Turn   | Place    | Note
-------+----------+-------------------------------------------
     0 | D        | MuseOD the Spriggan Enchanter began the quest for the Orb.
     0 | D        | Reached XP level 1. HP: 9/9 MP: 5/5
     1 | D        | Noticed a neqoxec
     1 | D        | Noticed a neqoxec
     1 | D        | Noticed a neqoxec
     1 | D        | Noticed a neqoxec
     2 | D        | Noticed a quasit
     2 | D        | Noticed a crimson imp
     7 | D        | Noticed an iron imp
     8 | D        | Noticed a quasit
    10 | D        | Noticed an iron imp
    10 | D        | Killed a neqoxec
    10 | D        | Reached skill level 8 in Stealth
    10 | D        | Reached XP level 2. HP: 17/17 MP: 6/6
    10 | D        | Reached XP level 3. HP: 21/21 MP: 8/8
    10 | D        | Reached XP level 4. HP: 25/25 MP: 9/9
    18 | D        | Killed a neqoxec
    18 | D        | Reached skill level 5 in Fighting
    18 | D        | Reached skill level 10 in Stealth
    18 | D        | Reached XP level 5. HP: 30/30 MP: 10/10
    18 | D        | Reached XP level 6. HP: 35/35 MP: 11/11
    27 | D        | Killed a neqoxec
    27 | D        | Reached skill level 10 in Short Blades
    27 | D        | Reached skill level 11 in Stealth
    31 | D        | Gained mutation: You have large cloven feet. [a neqoxec]
    77 | D        | Gained mutation: Potions are less effective at restoring
                  | your health. [a neqoxec]
    82 | D        | Killed a neqoxec
    82 | D        | Reached skill level 12 in Stealth
    82 | D        | Reached skill level 5 in Hexes
    82 | D        | Reached XP level 7. HP: 35/39 MP: 11/14
   105 | D        | Found Tobrauro's General Store.
   105 | D        | Found Muxaliwu's Weapon Emporium.
   105 | D        | Found Ezyqeoc's Antique Armour Shoppe.
   105 | D        | Found Vakoquzika's Antique Weapon Shoppe.
   105 | D        | Found Funac's Jewellery Shoppe.
   105 | D        | Found Yfougruw's Book Emporium.
   105 | D        | Found Baroynuwk's Food Emporium.
   105 | D        | Found Rosimn's Antique Armour Shoppe.
   110 | D        | Found Suegir's Magic Scroll Shoppe.
   110 | D        | Found Ickywkun's General Store.
   110 | D        | Found Foamon's Antique Armour Emporium.
   110 | D        | Found Vorhacoe's Jewellery Shoppe.
   110 | D        | Noticed Menkaure
   110 | D        | Noticed a great orb of eyes
   113 | D        | Found Foavy's Distillery.
   113 | D        | Found Ynkagan's Gadget Emporium.
   113 | D        | Noticed an oklob plant
   114 | D        | Found Ocvoveff's Distillery.
   114 | D        | Found Ylirgh's Book Shoppe.
   119 | D        | Noticed a hell hog
   119 | D        | Noticed a polar bear
   121 | D        | Noticed a hell hog
   122 | D        | Noticed a polar bear
   122 | D        | Noticed a flying skull
   124 | D        | Noticed a flying skull
   124 | D        | Noticed a flying skull
   124 | D        | Noticed a flying skull
   127 | D        | Bought a ripped robe for 125 gold pieces
   146 | D        | Slain by Menkaure

Skill      XL: |  1  2  3  4  5  6 |
---------------+-------------------+-----
Fighting       | 3 5 |  5.8
Short Blades   | 7 9 10 | 10.9
Stealth        | 8 10 12 | 12.4
Spellcasting   | 4 |  4.5
Hexes          | 5 |  5.1
Dodging        | |  3.0

Action                   |  1- 3 |  4- 6 |  7- 9 || total
-------------------------+-------+-------+-------++-------
Melee: Dagger            |     8 |    70 |    17 ||    95
       Kick              |       |    14 |     5 ||    19
  Use: Potion            |     1 |     2 |       ||     3
 Stab: Sleeping          |       |       |     2 ||     2
Armor: Robe              |     1 |     4 |     1 ||     6
Dodge: Dodged            |     4 |    28 |     3 ||    35
